Map: Apotheosis LE

Players

Fropez

  • Race: Protoss Protoss
  • League: Gold
  • Spawn Location: 11:00

Alex - Winner!

  • Race: Terran Terran
  • League: Gold
  • Spawn Location: 5:00

VOD

Have the link to the VOD?

Description

Time

  • Played on: Nov. 8, 2016, 11:02 a.m.
  • Length: 16:50
Show
View Real Time Build Order
Export as new Build Order

Fropez Protoss 

Build Orders:  

Get SALT Encoding   

  12  0:00  Probe (Chrono Boost)  
  13  0:12  Probe (Chrono Boost)  
  14  0:21  Pylon  
  14  0:23  Probe (Chrono Boost)  
  15  0:39  Probe (Chrono Boost)  
  16  0:46  Gateway  
  16  0:48  Assimilator  
  16  0:49  Probe (Chrono Boost)  
  17  1:02  Probe (Chrono Boost)  
  18  1:05  Pylon  
  18  1:12  Probe (Chrono Boost)  
  18  1:18  Gateway  
  19  1:23  Probe (Chrono Boost)  
  19  1:33  Probe (Chrono Boost)  
  20  1:44  Probe (Chrono Boost)  
  21  1:54  Nexus  
  21  2:01  Pylon  
  22  2:10  Assimilator  
  21  2:16  Cybernetics Core  
  21  2:18  Probe (Chrono Boost)  
  22  2:33  Probe (Chrono Boost)  
  20  2:53  Mothership Core (Chrono Boost)  
  20  3:06  Probe (Chrono Boost)  
  20  3:11  Warp Gate (Chrono Boost)  
  20  3:12  Probe (Chrono Boost), Stalker x2  
  26  3:17  Probe (Chrono Boost)  
  27  3:22  Probe (Chrono Boost)  
  28  3:27  Probe (Chrono Boost)  
  29  3:39  Gateway  
  29  3:40  Assimilator  
  29  3:42  Probe x2 (Chrono Boost)  
  29  3:45  Stalker  
  29  3:47  Stalker  
  34  3:59  Pylon  
  34  4:03  Probe  
  34  4:06  Pylon  
  35  4:10  Probe  
  35  4:15  Pylon  
  35  4:16  Probe  
  37  4:22  Probe  
  38  4:30  Pylon, Probe  
  39  4:32  Stalker  
  39  4:34  Probe  
  42  4:49  Forge  
  42  4:54  Probe  
  42  4:55  Twilight Council  
  43  5:01  Probe  
  44  5:12  Probe  
  44  5:13  Assimilator  
  45  5:15  Probe  
  46  5:22  Stalker x2  
  46  5:24  Protoss Ground Weapons Level 1 (Chrono Boost)  
  46  5:27  Probe  
  50  5:29  Probe  
  52  5:36  Blink (Chrono Boost)  
  52  5:50  Probe  
  52  5:52  Probe  
  52  5:54  Adept x3  
  58  6:40  Probe  
  58  6:41  Probe  
  58  6:50  Robotics Facility  
  58  6:51  Probe  
  58  6:53  Probe, Gateway  
  60  6:58  Pylon  
  60  7:01  Stalker x3  
  66  7:17  Nexus  
  66  7:18  Probe  
  66  7:20  Pylon, Probe, Protoss Ground Weapons Level 2  
  66  7:22  Pylon, Photon Cannon  
  68  7:29  Probe  
  68  7:31  Photon Cannon  
  69  7:41  Stalker x3  
  75  7:55  Probe  
  75  7:56  Observer  
  70  8:13  Stalker x4  
  78  8:26  Probe  
  79  8:32  Probe  
  80  8:39  Probe  
  81  8:44  Probe  
  81  8:48  Immortal  
  86  8:50  Adept x4  
  88  9:28  Adept x2  
  88  9:29  Adept x2  
  88  9:30  Immortal  
  100  9:36  Protoss Ground Armor Level 1  
  100  9:42  Probe x2  
  100  9:43  Probe, Photon Cannon  
  103  9:45  Pylon  
  103  9:49  Pylon  
  103  9:54  Gateway  
  103  9:55  Gateway  
  103  10:01  Gateway  
  103  10:02  Gateway  
  103  10:06  Pylon  
  103  10:09  Adept x4  
  103  10:10  Immortal  
  111  10:30  Stalker x4  
  119  10:59  Photon Cannon  
  119  11:05  Adept, Photon Cannon  
  119  11:06  Adept x3  
  119  11:09  Photon Cannon  
  127  11:14  Photon Cannon  
  127  11:17  Assimilator  
  123  11:19  Assimilator  
  123  11:52  Stalker x4  
  131  11:55  Immortal  
  131  12:00  Pylon x2  
  135  12:01  Resonating Glaives (Chrono Boost)  
  135  12:03  Protoss Ground Weapons Level 3  
  113  12:32  Stalker x4  
  81  12:55  Adept x2  
  81  12:56  Adept  
  81  12:57  Mothership Core  
  91  13:03  Pylon  
  89  13:12  Pylon  
  55  13:37  Stalker  
  55  13:38  Stalker x4  
  53  14:07  Adept x5  
  51  14:12  Mothership Core  
  49  14:27  Pylon  
  49  14:30  Pylon  
  49  14:31  Pylon  
  49  14:33  Photon Cannon  
  49  14:34  Photon Cannon  
  45  14:38  Adept  
  45  14:39  Adept x4, Protoss Ground Armor Level 2 (Chrono Boost)  
  45  14:47  Mothership Core  
  31  15:04  Stalker x2  
  33  15:25  Nexus  
  33  15:48  Probe  
  34  16:29  Adept x2  
  38  16:37  Probe  
Show
View Real Time Build Order
Export as new Build Order

Alex Terran - Winner!

Build Orders: Reaper Expand 

Get SALT Encoding   

  12  0:01  SCV  
  13  0:16  Supply Depot  
  13  0:19  SCV  
  14  0:31  SCV  
  15  0:39  Barracks  
  15  0:43  Refinery  
  15  0:45  SCV  
  16  0:57  SCV  
  17  1:10  SCV  
  18  1:26  Orbital Command, Reaper  
  19  1:55  Command Center  
  19  1:57  Supply Depot  
  19  2:02  SCV  
  19  2:08  Marine  
  21  2:14  SCV  
  22  2:29  Bunker  
  22  2:33  Barracks Reactor  
  21  3:11  SCV  
  22  3:19  Engineering Bay  
  22  3:20  Engineering Bay  
  22  3:23  SCV  
  23  3:35  SCV  
  24  3:47  SCV, Terran Infantry Weapons Level 1  
  24  3:48  Terran Infantry Armor Level 1  
  25  3:55  SCV  
  25  3:59  SCV  
  25  4:01  Marine x2, Refinery  
  29  4:06  Factory  
  29  4:08  SCV  
  29  4:09  Barracks  
  30  4:11  Command Center  
  30  4:12  SCV  
  31  4:19  Marine x2  
  31  4:20  SCV  
  34  4:32  Orbital Command  
  34  4:37  Marine x2  
  36  4:41  SCV  
  37  4:53  SCV  
  38  5:05  SCV  
  39  5:07  Factory Reactor  
  39  5:08  Starport  
  39  5:12  Marine x2, Barracks  
  39  5:13  Barracks Tech Lab  
  40  5:30  Marine x2  
  42  5:36  Bunker  
  42  5:44  Armory  
  40  5:57  Marauder  
  40  5:58  Widow Mine x2  
  40  6:00  Medivac  
  47  6:19  Marauder  
  49  6:27  Widow Mine  
  49  6:32  Terran Infantry Weapons Level 2  
  51  6:34  SCV  
  52  6:40  Marauder  
  52  6:43  Orbital Command  
  52  6:46  SCV, Starport Reactor  
  55  6:50  Barracks Reactor  
  55  6:58  SCV  
  56  7:02  Marauder, Refinery  
  58  7:10  SCV  
  58  7:14  Terran Infantry Armor Level 2  
  59  7:18  Marine x2  
  59  7:21  Refinery  
  61  7:27  SCV  
  61  7:28  Marauder  
  64  7:31  Supply Depot  
  64  7:33  Supply Depot  
  64  7:34  Stimpack  
  64  7:35  Supply Depot  
  64  7:36  Marine x2  
  66  7:40  SCV  
  67  7:55  Supply Depot  
  67  7:57  Supply Depot  
  61  8:30  Medivac x2  
  61  8:32  Orbital Command, Marauder  
  67  8:38  Marine x2  
  67  8:40  Widow Mine x2  
  73  8:41  Marine x2  
  73  8:45  Barracks  
  73  8:47  Supply Depot  
  75  8:49  Supply Depot  
  75  8:53  Marauder  
  77  8:56  Marine x2  
  77  8:59  Marine x2  
  77  9:00  Medivac  
  83  9:08  Widow Mine  
  85  9:14  Marine  
  85  9:15  Marauder  
  85  9:17  Marine  
  86  9:30  SCV  
  86  9:36  Marauder  
  88  9:42  SCV  
  89  9:46  Terran Infantry Weapons Level 3  
  89  9:47  Terran Infantry Armor Level 3  
  89  9:48  Marine x2  
  89  9:49  Widow Mine, Medivac x2  
  89  9:51  Marine  
  89  9:52  Marine  
  99  9:54  SCV  
  99  9:57  Marauder  
  102  10:06  Marine x2, SCV  
  105  10:09  Marine x2  
  107  10:14  Refinery  
  107  10:18  SCV  
  108  10:27  Marine x2  
  110  10:30  SCV  
  111  10:42  SCV  
  111  10:45  Marine  
  113  10:55  SCV, Marauder, Combat Shields  
  116  10:57  Marine  
  116  10:58  Barracks Reactor  
  116  10:59  Widow Mine  
  116  11:00  Widow Mine, Command Center  
  116  11:02  Marine  
  122  11:06  Medivac  
  122  11:07  SCV  
  122  11:09  Starport  
  125  11:13  Supply Depot  
  125  11:14  Supply Depot  
  125  11:35  Marine x4, Marauder, Medivac  
  125  11:36  Viking  
  125  11:38  Supply Depot  
  134  11:40  Supply Depot  
  129  11:50  SCV  
  129  11:52  Marine x2  
  132  11:57  Marauder  
  134  12:02  SCV  
  134  12:05  Viking  
  137  12:10  Marine x2  
  137  12:14  Concussive Shells  
  138  12:18  Marauder  
  106  12:47  Starport Tech Lab  
  106  12:48  Viking x2  
  106  12:49  Hellion x2  
  106  12:50  Marine, Marauder  
  106  12:51  Marine  
  112  13:08  Marine  
  112  13:11  Marauder, Hellion  
  113  13:18  SCV, Viking x2  
  118  13:30  SCV  
  118  13:33  Marauder  
  120  13:54  Marauder  
  105  14:11  SCV  
  105  14:15  Marauder  
  108  14:23  SCV  
  99  14:35  SCV  
  72  14:47  SCV  
  72  14:48  Widow Mine x2  
  72  14:49  Medivac x2  
  72  14:50  Marine  
  72  14:51  Marine x3  
  75  14:53  Marauder  
  66  15:02  Liberator  
  58  15:08  Marine x2  
  58  15:09  Marine x2  
  58  15:14  SCV, Marauder  
  58  15:17  Widow Mine  
  58  15:19  Medivac x2  
  58  15:20  Marine x2  
  70  15:26  SCV  
  70  15:27  Marine x2  
  69  15:31  SCV  
  69  15:35  Marauder, Refinery  
  72  15:36  SCV  
  72  15:37  Marine  
  72  15:38  Marine, SCV  
  76  15:43  SCV  
  76  15:45  Marine, Liberator  
  76  15:48  SCV  
  76  15:49  Medivac x2  
  83  15:50  SCV  
  83  15:55  SCV  
  85  16:00  SCV  
  85  16:03  SCV  
  90  16:07  SCV  
  90  16:08  Orbital Command  
  89  16:12  SCV  
  83  16:19  SCV, Medivac  
  83  16:24  SCV  
  87  16:36  SCV  
Tags
 
League
GoldGold
Matchup
PvT
Replay Pack
All Mines
Spawn Locations
Cross Positions
Add a new tag
Caveats
  • Supply blocks, unpowered buildings, or Contaminate may cause inaccurate times.
  • Supply counts are checked every 10 seconds.